 Dungeon Crawl Stone Soup version 0.29.1-15-g9cfb28693d (webtiles) character file.

Game seed: 602102509838465503

281220 GeoRichter the Black Belt (level 19, -12/177 HPs)
             Began as a Demonspawn Monk on Mar 16, 2023.
             Was the Champion of Jiyva.
             Killed from afar by a deep elf annihilator (43 damage)
             ... with a poison arrow
             ... on level 3 of the Elven Halls.
             The game lasted 01:22:47 (30494 turns).

GeoRichter the Black Belt (Demonspawn Monk)        Turns: 30494, Time: 01:22:47

Health: -12/177    AC: 33    Str: 22    XL:     19   Next: 27%
Magic:  19/19      EV: 18    Int: 19    God:    Jiyva [******]
Gold:   1998       SH: 23    Dex: 25    Spells: 18/18 levels left

rFire   + + .      SeeInvis .     - Unarmed
rCold   + + +      Faith    .   C - +0 kite shield
rNeg    + . .      Spirit   .   U - +12 pearl dragon scales of Toothy Tender Moments {rN+ Regen+ rCorr}
rPois   .          Reflect  .   (helmet restricted)
rElec   .          Harm     .   N - +0 cloak
rCorr   +          Rampage  .   (gloves unavailable)
Will    ++...                   A - +1 pair of boots {Fly}
Stlth   +++.......              x - amulet of magic regeneration
HPRegen 5.19/turn               R - ring "Cuinuefo" {rC+ Will+ Str+7}
MPRegen 1.06/turn               F - ring "Patyjefo" {rF+ Int+4 Dex+2}

@: mighty, lethally poisoned (-12 -> -13), about to teleport, calling ooze,
flying, hasted, studying Unarmed Combat, very quick
A: claws 3, large bone plates 3, icemail 1, spiny 1, condensation shield, beak,
horns 1, thin skeletal structure 1, agile 1, clever 1, cold resistance 2, fire
resistance 1, regeneration 3, robust 1, shaggy fur 1, eyeballs 1, gelatinous
body 1, translucent skin 1, jelly absorbing missiles
}: 3/15 runes: barnacled, slimy, gossamer
a: Renounce Religion, Oozemancy, Slimify


You were on level 3 of the Elven Halls.
You worshipped Jiyva.
Jiyva was exalted by your worship.
You visited 7 branches of the dungeon, and saw 38 of its levels.
You also visited: Sewer, Bailey and Ice Cave.

You collected 2738 gold pieces.
You spent 740 gold pieces at shops.

Inventory:

Hand Weapons
 X - the +6 battleaxe of the Fulmar {drain, rElec rF+ MP-9}
   (You took it off a deep elf demonologist on level 3 of the Elven Halls)

   A truly terrible weapon, it drains the life of any living foe it strikes.
   rF:        It protects you from fire.
   rElec:     It insulates you from electricity.
   MP:        It affects your magic capacity (-9).
Missiles
 g - 2 throwing nets {!f}
 H - 4 javelins (quivered)
 M - 3 silver javelins
Armour
 f - the +0 pair of boots of Catatonia {rF++ rN+ rCorr Str-5}
   (You found it on level 1 of the Elven Halls)

   Str:       It affects your strength (-5).
   rF:        It greatly protects you from fire.
   rN:        It protects you from negative energy.
   rCorr:     It protects you from acid and corrosion.
 A - a +1 pair of boots of flying (worn)
   (You found it in a bailey)
 C - a +0 kite shield (worn)
   (You took it off a gnoll sergeant on level 9 of the Dungeon)
 E - the +9 scales of the Dragon King {rPois rF+ rC+ Will+}
   (You found it on level 5 of the Lair of Beasts)

   rF:        It protects you from fire.
   rC:        It protects you from cold.
   rPois:     It protects you from poison.
   Will:      It increases your willpower.
 K - the +5 fire dragon scales "Teciob" {+Inv rPois rF++ rC-}
   (You found it on level 11 of the Dungeon)

   rF:        It greatly protects you from fire.
   rC:        It makes you vulnerable to cold.
   rPois:     It protects you from poison.
   +Inv:      It lets you turn invisible.
 N - a +0 cloak (worn)
   (You took it off Maurice on level 11 of the Dungeon)
 P - a +2 pair of boots
   (You found it on level 13 of the Dungeon)
 S - a +0 tower shield
   (You took it off Louise on level 1 of the Spider Nest)
 U - the +12 pearl dragon scales of Toothy Tender Moments (worn) {rN+ Regen+ rCorr}
   (You found it on level 3 of the Elven Halls)

   rN:        It protects you from negative energy.
   Regen:     It increases your rate of health regeneration.
   rCorr:     It protects you from acid and corrosion.
 Z - the +1 buckler of the Zebra {Rampage rF- Int+3 Dex+5}
   (You found it on level 3 of the Elven Halls)

   Int:       It affects your intelligence (+3).
   Dex:       It affects your dexterity (+5).
   rF:        It makes you vulnerable to fire.
   Rampage:   It bestows one free step when moving towards enemies.
Jewellery
 x - an amulet of magic regeneration (around neck)
   (You found it on level 8 of the Dungeon)
 y - a ring of see invisible
   (You found it on level 8 of the Dungeon)
 z - a ring of flight
   (You took it off an orc warrior in a bailey)
 F - the ring "Patyjefo" (right claw) {rF+ Int+4 Dex+2}
   (You found it on level 5 of the Pits of Slime)

   [ring of protection from fire]

   Int:       It affects your intelligence (+4).
   Dex:       It affects your dexterity (+2).
   rF:        It protects you from fire.
 R - the ring "Cuinuefo" (left claw) {rC+ Will+ Str+7}
   (You took it off a frost giant in an ice cave)

   [ring of protection from cold]

   Str:       It affects your strength (+7).
   rC:        It protects you from cold.
   Will:      It increases your willpower.
 W - a ring of positive energy
   (You found it on level 3 of the Elven Halls)
 Y - the amulet of Birdsong {RegenMP Fly}
   (You found it on level 3 of the Elven Halls)

   [amulet of magic regeneration]

   It increases your rate of magic regeneration.
   Fly:       It grants you flight.
Wands
 u - a wand of paralysis (32)
   (You found it on level 1 of the Lair of Beasts)
 v - a wand of polymorph (21)
   (You found it on level 7 of the Dungeon)
 w - a wand of flame (32)
   (You took it off Joseph on level 8 of the Dungeon)
 J - a wand of iceblast (9)
   (You found it on level 11 of the Dungeon)
 O - a wand of light (1)
   (You found it in an ice cave)
Scrolls
 b - 2 scrolls of identify {@r1}
 d - 4 scrolls of butterflies
 i - 6 scrolls of amnesia
 l - 2 scrolls of vulnerability {!r}
 m - 3 scrolls of teleportation {@r4}
 s - 2 scrolls of poison {!r}
 B - 5 scrolls of immolation {!r}
 D - 3 scrolls of enchant weapon
 L - a scroll of magic mapping
 V - a scroll of silence
Potions
 a - 8 potions of curing {@q1}
 c - 5 potions of ambrosia
 e - 4 potions of resistance
 h - 2 potions of brilliance
 j - 8 potions of magic
 k - 2 potions of attraction {!q}
 n - 4 potions of flight
 o - 7 potions of lignification {!q}
 p - a potion of mutation {!q}
 r - 3 potions of cancellation
 t - a potion of haste {@q3}
 G - 5 potions of might
Miscellaneous
 q - a phial of floods
   (You found it on level 5 of the Lair of Beasts)
 T - a condenser vane
   (You found it on level 3 of the Elven Halls)


   Skills:
 * Level 17.0 Fighting
 - Level 2.8 Polearms
 - Level 12.6 Armour
 - Level 10.1 Dodging
 - Level 1.7 Stealth
 + Level 13.3 Shields
 * Level 20.3 Unarmed Combat
 + Level 7.2 Evocations


You had 18 spell levels left.
You didn't know any spells.
Your spell library contained the following spells:

 Spells                   Type           Power      Damage    Failure   Level
 Sandblast                Erth           0%         2d4       67%         1
 Call Imp                 Summ           0%         N/A       82%         2
 Passwall                 Tmut/Erth      0%         N/A       82%         2
 Static Discharge         Conj/Air       0%         3-3/arc   82%         2
 Conjure Flame            Conj/Fire      0%         6-21      96%         3
 Dazzling Flash           Conj/Hex       0%         N/A       96%         3
 Ignite Poison            Fire/Tmut/Pois 0%         N/A       96%         3
 Portal Projectile        Hex/Tloc       0%         N/A       96%         3
 Stone Arrow              Conj/Erth      0%         3d7       96%         3
 Tukima's Dance           Hex            0%         N/A       96%         3
 Dispel Undead            Necr           0%         3d6       100%        4
 Flame Wave               Conj/Fire      0%         2d4       100%        4
 Fulminant Prism          Conj/Hex       0%         3d6       100%        4
 Iskenderun's Mystic Bla  Conj/Tloc      0%         2d3       100%        4
 Sticky Flame             Conj/Fire      0%         2d3       100%        4
 Summon Ice Beast         Ice/Summ       0%         N/A       100%        4
 Blade Hands              Tmut           0%         N/A       100%        5
 Fireball                 Conj/Fire      0%         3d3       100%        5
 Freezing Cloud           Conj/Ice/Air   0%         6-21      100%        5
 Summon Forest            Summ/Tloc      0%         N/A       100%        5
 Dispersal                Tloc           0%         N/A       100%        6
 Eringya's Noxious Bog    Tmut/Pois      0%         N/A       100%        6
 Simulacrum               Ice/Necr       0%         N/A       100%        6
 Starburst                Conj/Fire      0%         6d3       100%        6
 Spellforged Servitor     Conj/Summ      0%         N/A       100%        7
 Summon Hydra             Summ           0%         N/A       100%        7
 Disjunction              Tloc           0%         N/A       100%        8
 Polar Vortex             Ice            0%         N/A       100%        9


Dungeon Overview and Level Annotations

Branches:
Dungeon (15/15) Zot: 26086  Temple (0/1) D:5            Lair (5/5) D:9 Zot: 24465
 Shoals (4/4) Lair:3 Zot: 20634  Spider (4/4) Lair:3 Zot: 21073   Slime (5/5) Lair:4 Zot: 26840
    Orc (2/2) D:12 Zot: 10806     Elf (3/3) Orc:2 Zot: 14845  Vaults (0/5) D:13
 Depths (0/4) D:15          Sewer (visited)          Bailey (visited)
  IceCv (visited)

Altars:
Ashenzari
Cheibriados
Dithmenos
Nemelex Xobeh
Qazlal
Ru
Sif Muna
Trog
Uskayaw
Vehumet
Yredelemnul
Jiyva

Shops:
D:1 ?   D:13 :   Orc:2 (![*   Elf:1 (   Shoals:1 (   Shoals:4 *

Portals:
Abyss: D:8

Annotations:
D:8 2 transporters, Sensen's ghost, novice TrGl
D:14 1 transporter
Lair:5 exclusion: obsidian statue
Slime:5 Royal Jelly
Elf:3 Aizul


Innate Abilities, Weirdness & Mutations

You have claws for hands.
You are completely covered in large bone plates. (SH +8)
A meltable icy envelope protects you from harm. (AC +0)
You are partially covered in sharp spines.
A meltable shield of frost defends you. (SH +0)
You have a beak for a mouth.
You have a pair of small horns on your head.
You have a somewhat thin skeletal structure. (Dex +2, Stealth+)
You are agile. (Dex +4, Str/Int -1)
Your mind is acute. (Int +4, Str/Dex -1)
Your flesh is very cold resistant. (rC++)
Your flesh is heat resistant. (rF+)
You regenerate.
You are robust. (+10% HP)
You are covered in fur. (AC +1)
Your body has grown eyes which may confuse attackers. (Acc +3)
Your rubbery body absorbs attacks. (AC +1, EV +1)
Your translucent skin slightly reduces your foes' accuracy. (Stealth+)
You have a small jelly attached to you that may absorb projectiles.


Message History

The wall burns the deep elf master archer!
The deep elf master archer shoots an arrow.
The arrow completely misses you.
The walls burn the water elemental!
The walls burn the deep elf demonologist!
The deep elf demonologist mumbles some strange words.
The wall burns the deep elf master archer!
The deep elf master archer shoots an arrow.
The arrow misses you.
Okay, then.
As you read the scroll of fear, it crumbles to dust.
You assume a fearsome visage.
The sun demon looks frightened!
The shadow demon resists with almost no effort.
The hellwing looks frightened!
The deep elf master archer looks frightened!
The deep elf sorcerer looks frightened!
The deep elf annihilator looks frightened!
The deep elf demonologist looks frightened!
Aizul resists with almost no effort.
The water elemental is unaffected.
You feel very sick.
The walls burn Aizul!
You block Aizul's attack.
The walls burn the water elemental!
The walls burn the shadow demon!
The wall burns the deep elf master archer!
Your attack snaps the deep elf master archer out of its fear.
Okay, then.
As you read the scroll of teleportation {@r4}, it crumbles to dust.
You feel strangely unstable.
You feel very sick.
The deep elf demonologist seems less brilliant.
The walls burn Aizul!
Aizul is struck by your spines. Aizul hits you but does no damage.
The walls burn the deep elf demonologist!
Your attack snaps the deep elf demonologist out of its fear.
The wall burns the deep elf annihilator!
Your attack snaps the deep elf annihilator out of its fear.
The wall burns the hellwing!
Your attack snaps the hellwing out of its fear.
The hellwing swoops through the air toward you!
You block the hellwing's attack. x2; The walls burn the shadow demon!
The shadow demon gestures.
Unknown command.
You feel better.
The walls burn Aizul!
Aizul coils herself and waves her upper body at you.
The poison arrow misses you.
The walls burn the deep elf demonologist!
The walls burn the deep elf annihilator!
The deep elf annihilator casts a spell at you.
The poison arrow hits you!!!
You are poisoned.
You die...

...#* ##......#.([..# #..
..#* ##.....#.....# ##.
..* #.....#.##'## #. .,**
##.....###...## ## ,,,**
*#......##.....## ####*#
,,,,**#.......e....3..#
#..###
,,,,,........##....ee.#**
#....#
,,,,........###.4E....#,*
#..... ,,,,........#
##@)(E.##,* #.....
,,,,........# ##S2.##,,*
#.....
*,,,,.....#######e###,,,*
#.....
******#####......E##,,,,*
#..##' ,,,*
#.)....23...###,,* #####.
,,,* #..J..........#.$*
#. ,,,**
##....e........'#,* #.
,,,,**#.....e.........#**
#[
,,,,,*.....e.###.....e.#
###'


You could see Aizul (empowered), a deep elf master archer (fleeing), a deep elf
annihilator, a deep elf sorcerer (fast, empowered, fleeing), a sun demon
(summoned, fleeing), a shadow demon (summoned), a deep elf demonologist, an
earth elemental (summoned), a hellwing (summoned), a water elemental, a fire
elemental (summoned) and a +2 vampiric halberd (summoned).

Vanquished Creatures
  Jorgrun (Orc:2)
  3 deep elf master archers (Elf:3)
  A deep elf blademaster (Elf:3)
  An emperor scorpion (Spider:4)
  2 frost giants (IceCv)
  2 deep elf sorcerers (Elf:3)
  Louise (Spider:1)
  4 ghost moths (Spider:4)
  A stone giant (D:15)
  5 deep elf elementalists
  2 broodmothers
  3 deep elf demonologists (Elf:3)
  Azrael (D:14)
  4 deep elf annihilators (Elf:3)
  2 dire elephants (Lair:5)
  6 entropy weavers
  3 spark wasps
  A white draconian (IceCv)
  A minotaur (Lair:2)
  3 merfolk javelineers
  6 merfolk impalers
  3 deep elf death magi
  2 deep elf high priests (Elf:3)
  6 hydras
  The ghost of MrZuerg the Thaumaturge, a journeyman DECj of Gozag (Lair:2)
  A jorogumo (Spider:4)
  5 boulder beetles
  2 radroaches
  2 alligator snapping turtles (Shoals:4)
  2 catoblepae
  5 ironbound frosthearts (IceCv)
  2 centaur warriors (D:13)
  34 dancing weapons
  4 merfolk aquamancers
  3 satyrs
  4 two-headed ogres
  8 death yaks
  2 tengu warriors
  Urug (D:13)
  21 deep elf knights
  2 spectral death yaks (Lair:5)
  2 pharaoh ants
  A spectral anaconda (Lair:5)
  5 orb spiders
  19 sea snakes
  4 steelbarb worms
  A sun moth (Spider:1)
  An orange crystal statue (IceCv)
  12 deep elf archers
  4 lindwurms (D:11)
  2 necromancers (Lair:5)
  4 orc knights
  12 harpies
  2 wizards (D:14)
  26 deep elf pyromancers
  2 orc sorcerers
  12 ugly things
  35 deep elf zephyrmancers
  19 wolf spiders
  2 cyclopes
  14 manticores
  11 fauns
  2 moths of wrath
  Maurice (D:11)
  3 elephants (Lair:5)
  9 merfolk sirens
  Joseph (D:8)
  5 black mambas
  2 ice statues (D:14)
  7 water nymphs
  An unseen horror (D:10)
  9 cane toads
  2 gargoyles
  An unseen horror (shapeshifter) (Elf:1)
  4 torpor snails
  16 rime drakes
  3 demonic crawlers
  8 komodo dragons
  A yaktaur (D:9)
  A komodo dragon (shapeshifter) (D:9)
  A tengu conjurer (D:13)
  4 trolls
  19 polar bears
  A wind drake (shapeshifter) (Elf:3)
  2 meliai
  30 merfolk
  7 wind drakes
  2 hornets
  Grinder (Sewer)
  24 tarantellas
  22 dream sheep
  9 snapping turtles
  A dream sheep (shapeshifter) (Elf:2)
  11 blink frogs
  A spectral elephant (Lair:5)
  A jumping spider (shapeshifter) (D:14)
  24 jumping spiders
  75 yaks
  A centaur simulacrum (D:14)
  4 shadows
  19 culicivoras
  7 air elementals
  7 wyverns
  12 water elementals
  8 basilisks
  2 wraiths
  4 fire elementals
  A basilisk (shapeshifter) (D:13)
  2 steam dragons
  57 redbacks
  2 redback simulacra
  2 death yak simulacra (Lair:5)
  2 vampire mosquitoes (D:12)
  15 humans (D:13)
  Menkaure (D:4)
  A spectral cane toad (Lair:5)
  3 wargs
  3 acid dragons
  3 hell hounds (D:14)
  9 water moccasins
  43 orc warriors
  4 black bears
  5 ogres
  3 ice beasts
  4 elephant zombies (Lair:5)
  32 wolves
  An elephant skeleton (Lair:5)
  19 centaurs
  3 kobold brigands
  A phantom (D:5)
  9 bullfrogs
  4 gnoll sergeants
  2 necrophages
  3 cane toad simulacra (Lair:5)
  4 earth elementals (Elf:2)
  5 scorpions
  3 wights (D:7)
  6 killer bees (D:8)
  An elephant simulacrum (Lair:5)
  An electric eel (Lair:5)
  5 howler monkeys
  2 jellies
  A vampire bat (Lair:3)
  A quasit (Sewer)
  6 hounds
  2 gnoll boudas
  8 orc priests
  11 orc wizards
  6 iguanas
  16 gnolls
  7 adders
  5 shadow imps
  3 white imps
  2 ufetubi
  3 worms (D:3)
  2 dart slugs
  52 orcs
  5 ball pythons
  6 bats
  An endoplasm (D:1)
  3 giant cockroaches
  8 goblins
  5 hobgoblins
  29 kobolds
  3 quokkas
  2 frilled lizards
  A kobold zombie (Sewer)
  4 rats
1181 creatures vanquished.

Vanquished Creatures (collateral kills)
  An ettin (Orc:1)
  A merfolk impaler (Shoals:4)
  A merfolk javelineer (Shoals:4)
  A merfolk aquamancer (Shoals:4)
  An orc knight (Orc:2)
  A merfolk (Shoals:4)
  A yak (Lair:2)
  An orc wizard (Orc:1)
  A shadow imp (Sewer)
  An orc (Orc:2)
  3 kobolds (Sewer)
13 creatures vanquished.

Vanquished Creatures (others)
  An acid blob (Lair:5)
  A deep elf knight (Elf:1)
  A necromancer (Lair:5)
  A deep elf zephyrmancer (Elf:1)
  2 deep elf pyromancers
  A faun (Shoals:1)
  A merfolk siren (Shoals:4)
  2 gargoyles
  A cane toad (Lair:5)
  A rime drake (IceCv)
  An unseen horror (D:12)
  A hornet (shapeshifter) (Elf:3)
  A hornet (D:9)
  4 slime creatures (D:14)
  A water elemental (Shoals:4)
  A vampire (D:12)
  A basilisk (D:14)
  A vampire mosquito (D:12)
  A human (D:13)
  A redback (Spider:2)
  A water moccasin (D:9)
  An orc warrior (D:12)
  2 centaurs
  3 wolves
  2 bullfrogs
  179 jellies
  An electric eel (D:6)
  2 howler monkeys
  A quasit (Sewer)
  2 hounds (D:6)
  2 orc priests
  3 iguanas
  An orc wizard (D:10)
  2 adders
  A white imp (D:14)
  4 ufetubi (Sewer)
  A worm (D:5)
  A dart slug (D:4)
  5 orcs
  5 ball pythons
  A goblin (D:1)
  A hobgoblin (D:4)
  A quokka (D:2)
  6 bats
  A frilled lizard (D:1)
  8 kobolds
  A kobold zombie (Sewer)
  A butterfly (Lair:5)
  70 fungi
  296 plants
  24 withered plants (Lair:5)
654 creatures vanquished.

Grand Total: 1848 creatures vanquished

Notes
Turn   | Place    | Note
-------+----------+-------------------------------------------
     0 | D:1      | GeoRichter the Demonspawn Monk began the quest for the Orb.
     0 | D:1      | Reached XP level 1. HP: 18/18 MP: 1/1
    85 | D:1      | Gained mutation: A meltable shield of frost defends you.
                  | (SH +0) [demonic ancestry]
    85 | D:1      | Reached XP level 2. HP: 20/24 MP: 2/2
   227 | D:1      | Found a faded altar of an unknown god.
   254 | D:1      | Prayed at the altar of an unknown god.
   254 | D:1      | Became a worshipper of Jiyva Jiloraga the Shapeless
   254 | D:1      | Reached * piety under Jiyva
   254 | D:1      | Reached ** piety under Jiyva
   420 | D:1      | Reached *** piety under Jiyva
   535 | D:1      | Found Reuhiaki's Magic Scroll Shop.
   538 | D:1      | Bought a scroll of identify for 24 gold pieces
   544 | D:1      | Gained mutation: Your melee attacks may engulf your foes in
                  | ooze. [Jiyva's grace]
   544 | D:1      | Gained mutation: You have a small jelly attached to you
                  | that may absorb projectiles. [Jiyva's grace]
   544 | D:1      | Gained mutation: You have hidden genetic potential.
                  | [Jiyva's grace]
   544 | D:1      | Gained mutation: You have great hidden genetic potential.
                  | [Jiyva's grace]
   903 | D:2      | Gained mutation: You have sharp fingernails. [demonic
                  | ancestry]
   903 | D:2      | Reached XP level 3. HP: 26/30 MP: 3/3
   955 | D:2      | Found the +3 woodcutter's axe {vorpal}
  1117 | D:2      | Gained mutation: Your flesh is heat resistant. (rF+)
                  | [hidden potential]
  1201 | D:2      | Reached skill level 1 in Unarmed Combat
  1232 | D:2      | Reached **** piety under Jiyva
  1563 | D:3      | Reached XP level 4. HP: 38/38 MP: 4/4
  1745 | D:3      | You fall into a shaft and drop 3 floors!
  1747 | D:6      | Noticed a bullfrog
  1747 | D:6      | Noticed a bullfrog
  1757 | D:6      | Reached skill level 2 in Unarmed Combat
  1766 | D:6      | Gained mutation: Your mind is acute. (Int +4, Str/Dex -1)
                  | [hidden potential]
  1766 | D:6      | Lost mutation: You have great hidden genetic potential.
                  | [hidden potential expressed]
  1797 | D:5      | Entered Level 5 of the Dungeon
  1805 | D:5      | Noticed a scorpion
  1811 | D:5      | Killed a scorpion
  1812 | D:5      | Reached XP level 5. HP: 37/43 MP: 5/5
  1923 | D:4      | Reached ***** piety under Jiyva
  1935 | D:4      | Gained mutation: Your rubbery body absorbs attacks. (AC +1,
                  | EV +1) [Jiyva's grace]
  1935 | D:4      | Gained mutation: Your pliable body absorbs attacks. (AC +2,
                  | EV +2) [Jiyva's grace]
  1935 | D:4      | Gained mutation: Your gelatinous body deflects attacks. (AC
                  | +3, EV +3) [Jiyva's grace]
  1935 | D:4      | Gained mutation: Your muscles are strong. (Str +4, Int/Dex
                  | -1) [Jiyva's grace]
  1999 | D:4      | Gained mutation: You passively map a small area around you.
                  | [hidden potential]
  2004 | D:4      | Reached skill level 3 in Unarmed Combat
  2034 | D:4      | Reached skill level 5 in Fighting
  2037 | D:4      | Gained mutation: You are partially covered in large bone
                  | plates. (SH +4) [demonic ancestry]
  2037 | D:4      | Reached XP level 6. HP: 51/51 MP: 6/6
  2110 | D:3      | Found a glowing drain.
  2129 | Sewer    | Entered a sewer
  2224 | Sewer    | Gained mutation: Your mind is very acute. (Int +8, Str/Dex
                  | -2) [hidden potential]
  2224 | Sewer    | Lost mutation: You have hidden genetic potential. [hidden
                  | potential expressed]
  2234 | Sewer    | Found a burning altar of Makhleb.
  2255 | Sewer    | Noticed Grinder
  2260 | Sewer    | Reached skill level 4 in Unarmed Combat
  2273 | Sewer    | Killed Grinder
  2676 | D:4      | Found a broken altar of Ashenzari.
  2701 | D:4      | Noticed Menkaure
  2719 | D:4      | Killed Menkaure
  2720 | D:4      | Reached XP level 7. HP: 57/57 MP: 7/7
  2900 | D:4      | Reached skill level 5 in Unarmed Combat
  2978 | D:5      | Noticed a steam dragon
  2997 | D:5      | Killed a steam dragon
  3058 | D:5      | Found a stormy altar of Qazlal.
  3059 | D:5      | Found a sacrificial altar of Ru.
  3062 | D:5      | Found a basalt altar of Yredelemnul.
  3073 | D:5      | Reached skill level 6 in Unarmed Combat
  3096 | D:5      | Found a staircase to the Ecumenical Temple.
  3141 | D:5      | Gained mutation: You are partially covered in sharp spines.
                  | [demonic ancestry]
  3141 | D:5      | Reached XP level 8. HP: 64/65 MP: 8/8
  3417 | D:5      | Reached skill level 7 in Unarmed Combat
  3860 | D:6      | Reached skill level 1 in Shields
  3981 | D:6      | Found a shimmering blue altar of Sif Muna.
  4006 | D:6      | Reached skill level 8 in Unarmed Combat
  4077 | D:6      | Lost mutation: Your mind is very acute. (Int +8, Str/Dex
                  | -2) [Jiyva's grace]
  4077 | D:6      | Lost mutation: Your gelatinous body deflects attacks. (AC
                  | +3, EV +3) [Jiyva's grace]
  4077 | D:6      | Gained mutation: You have a pair of small horns on your
                  | head. [Jiyva's grace]
  4077 | D:6      | Gained mutation: You have a pair of horns on your head.
                  | [Jiyva's grace]
  4077 | D:6      | Gained mutation: You have a pair of large horns on your
                  | head. [Jiyva's grace]
  4077 | D:6      | Gained mutation: You are resistant to electric shocks.
                  | (rElec) [Jiyva's grace]
  4160 | D:6      | Reached XP level 9. HP: 72/72 MP: 9/9
  4594 | D:7      | Reached ****** piety under Jiyva
  4817 | D:7      | Noticed a troll
  4830 | D:7      | Killed a troll
  4886 | D:7      | Found a bloodstained altar of Trog.
  4920 | D:7      | Reached skill level 9 in Unarmed Combat
  5482 | D:8      | Noticed Joseph
  5509 | D:8      | Killed Joseph
  5559 | D:8      | Found a transporter.
  5579 | D:8      | Lost mutation: You have a pair of large horns on your head.
                  | [Jiyva's grace]
  5579 | D:8      | Lost mutation: You have a pair of horns on your head.
                  | [Jiyva's grace]
  5579 | D:8      | Lost mutation: Your pliable body absorbs attacks. (AC +2,
                  | EV +2) [Jiyva's grace]
  5579 | D:8      | Lost mutation: You have a small jelly attached to you that
                  | may absorb projectiles. [Jiyva's grace]
  5579 | D:8      | Gained mutation: Your mind is very acute. (Int +8, Str/Dex
                  | -2) [Jiyva's grace]
  5579 | D:8      | Gained mutation: Your body has grown eyes which may confuse
                  | attackers. (Acc +3) [Jiyva's grace]
  5579 | D:8      | Gained mutation: Your body has grown many eyes which may
                  | confuse attackers. (Acc +5) [Jiyva's grace]
  5579 | D:8      | Gained mutation: Your body is covered in eyes which may
                  | confuse attackers. (Acc +7, SInv) [Jiyva's grace]
  5605 | D:8      | Reached XP level 10. HP: 82/82 MP: 10/10
  5679 | D:8      | Found a snail-covered altar of Cheibriados.
  5692 | D:8      | Reached skill level 10 in Unarmed Combat
  5741 | D:8      | Found a one-way gate to the infinite horrors of the Abyss.
  5741 | D:8      | Noticed Sensen's ghost (novice TrGl)
  5778 | D:8      | Noticed a purple ugly thing
  5896 | D:8      | Found a transporter.
  5979 | D:8      | Reached skill level 5 in Shields
  6363 | D:9      | Noticed a two-headed ogre
  6463 | D:9      | Found a flagged portal.
  6472 | Bailey   | Entered a bailey
  6532 | Bailey   | Reached skill level 1 in Armour
  6848 | D:9      | Reached skill level 11 in Unarmed Combat
  7050 | D:8      | Gained mutation: You are mostly covered in large bone
                  | plates. (SH +6) [demonic ancestry]
  7050 | D:8      | Reached XP level 11. HP: 74/90 MP: 11/11
  7265 | D:9      | Killed a two-headed ogre
  7266 | D:9      | Reached skill level 10 in Fighting
  7339 | D:9      | Found a staircase to the Lair.
  7499 | D:9      | Lost mutation: Your melee attacks may engulf your foes in
                  | ooze. [Jiyva's grace]
  7499 | D:9      | Gained mutation: Your melee attacks may engulf your foes in
                  | ooze. [Jiyva's grace]
  7499 | D:9      | Gained mutation: You have sharp toenails. [Jiyva's grace]
  7499 | D:9      | Gained mutation: You have razor-sharp toenails. [Jiyva's
                  | grace]
  7499 | D:9      | Gained mutation: You have claws for feet. [Jiyva's grace]
  7597 | D:9      | Found a radiant altar of Vehumet.
  7857 | D:9      | Reached skill level 5 in Dodging
  7978 | Lair:1   | Entered Level 1 of the Lair of Beasts
  7983 | Lair:1   | Noticed a four-headed hydra
  7992 | Lair:1   | Killed a four-headed hydra
  7993 | Lair:1   | Reached skill level 12 in Unarmed Combat
  8425 | Lair:1   | Reached skill level 5 in Armour
  8425 | Lair:1   | Gained mutation: You are completely covered in large bone
                  | plates. (SH +8) [demonic ancestry]
  8425 | Lair:1   | Reached XP level 12. HP: 80/99 MP: 12/12
  8511 | Lair:1   | Got the Papyrus of the Barrage
  8894 | Lair:2   | Noticed a boulder beetle
  8918 | Lair:2   | Killed a boulder beetle
  8935 | Lair:2   | Found a runed translucent gate.
  8935 | Lair:2   | Noticed a minotaur
  8936 | Lair:2   | Found a runed translucent gate.
  8936 | Lair:2   | Found a runed translucent gate.
  8950 | Lair:2   | Noticed MrZuerg's ghost (journeyman DECj)
  8967 | Lair:2   | Lost mutation: You have claws for feet. [Jiyva's grace]
  8967 | Lair:2   | Lost mutation: Your mind is very acute. (Int +8, Str/Dex
                  | -2) [Jiyva's grace]
  8967 | Lair:2   | Lost mutation: You passively map a small area around you.
                  | [Jiyva's grace]
  8967 | Lair:2   | Lost mutation: You are resistant to electric shocks.
                  | (rElec) [Jiyva's grace]
  8967 | Lair:2   | Lost mutation: Your muscles are strong. (Str +4, Int/Dex
                  | -1) [Jiyva's grace]
  8967 | Lair:2   | Lost mutation: Your body is covered in eyes which may
                  | confuse attackers. (Acc +7, SInv) [Jiyva's grace]
  8967 | Lair:2   | Gained mutation: You possess an exceptional clarity of
                  | mind. [Jiyva's grace]
  8967 | Lair:2   | Gained mutation: You have a somewhat thin skeletal
                  | structure. (Dex +2, Stealth+) [Jiyva's grace]
  8967 | Lair:2   | Gained mutation: You have a moderately thin skeletal
                  | structure. (Dex +4, Stealth++) [Jiyva's grace]
  8967 | Lair:2   | Gained mutation: You have an unnaturally thin skeletal
                  | structure. (Dex +6, Stealth+++) [Jiyva's grace]
  8986 | Lair:2   | Noticed a catoblepas
  8998 | Lair:2   | Slimified a catoblepas
  8998 | Lair:2   | a catoblepas changed into a slime creature
  9156 | Lair:2   | Reached skill level 13 in Unarmed Combat
  9733 | Lair:3   | Identified the +1 rapier "Lifebane" {freeze, rPois}
  9771 | Lair:3   | Found a hole to the Spider Nest.
 10011 | Lair:3   | Found a staircase to the Shoals.
 10549 | Lair:4   | Lost mutation: You have razor-sharp toenails. [Jiyva's
                  | grace]
 10549 | Lair:4   | Lost mutation: Your flesh is heat resistant. (rF+) [Jiyva's
                  | grace]
 10549 | Lair:4   | Lost mutation: Your melee attacks may engulf your foes in
                  | ooze. [Jiyva's grace]
 10549 | Lair:4   | Gained mutation: Your melee attacks may engulf your foes in
                  | ooze. [Jiyva's grace]
 10549 | Lair:4   | Gained mutation: You are somewhat resistant to further
                  | mutation. [Jiyva's grace]
 10549 | Lair:4   | Gained mutation: You are somewhat resistant to both further
                  | mutation and mutation removal. [Jiyva's grace]
 10549 | Lair:4   | Gained mutation: You are almost entirely resistant to
                  | further mutation and mutation removal. [Jiyva's grace]
 10702 | Lair:4   | Noticed a death yak
 10708 | Lair:4   | Noticed a death yak
 10708 | Lair:4   | Noticed a death yak
 10708 | Lair:4   | Noticed a death yak
 10708 | Lair:4   | Noticed a death yak
 10709 | Lair:4   | Noticed a death yak
 10742 | Lair:4   | Killed a death yak
 10755 | Lair:4   | Killed a death yak
 10771 | Lair:4   | Killed a death yak
 10777 | Lair:4   | Killed a death yak
 10784 | Lair:4   | Killed a death yak
 10785 | Lair:4   | Reached XP level 13. HP: 18/106 MP: 13/13
 10850 | Lair:4   | Found a hide-covered altar of Uskayaw.
 11040 | Lair:4   | Found a viscous altar of Jiyva.
 11043 | Lair:4   | Found a staircase to the Slime Pits.
 11393 | Lair:5   | Entered Level 5 of the Lair of Beasts
 11519 | Lair:5   | Reached skill level 14 in Unarmed Combat
 11519 | Lair:5   | Reached skill level 1 in Evocations
 12314 | Lair:5   | Found the +9 scales of the Dragon King {rPois rF+ rC+
                  | Will+}
 12377 | Lair:5   | Noticed a dire elephant
 12381 | Lair:5   | Noticed a dire elephant
 12384 | Lair:5   | Slimified a dire elephant
 12384 | Lair:5   | Noticed an acid blob
 12384 | Lair:5   | a dire elephant changed into an acid blob
 12394 | Lair:5   | Killed an acid blob
 12398 | Lair:5   | Killed a dire elephant
 12516 | Lair:5   | Noticed a dire elephant
 12540 | Lair:5   | Killed a dire elephant
 13049 | Lair:5   | Reached XP level 14. HP: 97/115 MP: 14/14
 13347 | Lair:2   | Killed MrZuerg's ghost
 13349 | Lair:2   | Reached skill level 15 in Unarmed Combat
 13445 | D:10     | Entered Level 10 of the Dungeon
 13452 | D:10     | Found a shadowy altar of Dithmenos.
 13600 | D:10     | Found a hide-covered altar of Uskayaw.
 13654 | D:10     | Found a sparkling altar of Nemelex Xobeh.
 13668 | D:10     | Lost mutation: You have sharp toenails. [Jiyva's grace]
 13668 | D:10     | Lost mutation: Your body has grown many eyes which may
                  | confuse attackers. (Acc +5) [Jiyva's grace]
 13668 | D:10     | Gained mutation: Your flesh is cold resistant. (rC+)
                  | [Jiyva's grace]
 13668 | D:10     | Gained mutation: Your flesh is very cold resistant. (rC++)
                  | [Jiyva's grace]
 13668 | D:10     | Gained mutation: Your flesh is almost immune to the effects
                  | of cold. (rC+++) [Jiyva's grace]
 13668 | D:10     | Gained mutation: You have supernaturally acute eyesight.
                  | (SInv) [Jiyva's grace]
 14247 | D:11     | Identified the +2 robe "Futuob" {rN+ Will+ Dex+4}
 14279 | D:11     | Noticed Maurice
 14285 | D:11     | Identified the +5 fire dragon scales "Teciob" {+Inv rPois
                  | rF++ rC-}
 14307 | D:11     | Identified the +6 great mace of Ointment {venom, *Corrode
                  | rElec rF- Int+8}
 14460 | D:11     | Killed Maurice
 14913 | D:12     | Got the Atlas of the Commander
 14969 | D:12     | Found a staircase to the Orcish Mines.
 15429 | D:13     | Noticed Rupert
 15429 | D:13     | Noticed Urug
 15429 | D:13     | Found a gate to the Vaults.
 15634 | Orc:1    | Entered Level 1 of the Orcish Mines
 15979 | Orc:2    | Entered Level 2 of the Orcish Mines
 16011 | Orc:2    | Lost mutation: You have an unnaturally thin skeletal
                  | structure. (Dex +6, Stealth+++) [Jiyva's grace]
 16011 | Orc:2    | Lost mutation: You have supernaturally acute eyesight.
                  | (SInv) [Jiyva's grace]
 16011 | Orc:2    | Lost mutation: You possess an exceptional clarity of mind.
                  | [Jiyva's grace]
 16011 | Orc:2    | Lost mutation: Your flesh is almost immune to the effects
                  | of cold. (rC+++) [Jiyva's grace]
 16011 | Orc:2    | Lost mutation: Your flesh is very cold resistant. (rC++)
                  | [Jiyva's grace]
 16011 | Orc:2    | Gained mutation: You have acidic saliva. [Jiyva's grace]
 16011 | Orc:2    | Gained mutation: You are agile. (Dex +4, Str/Int -1)
                  | [Jiyva's grace]
 16011 | Orc:2    | Gained mutation: You are very agile. (Dex +8, Str/Int -2)
                  | [Jiyva's grace]
 16011 | Orc:2    | Gained mutation: Your spells are a little harder to cast,
                  | but a little more powerful. [Jiyva's grace]
 16047 | Orc:1    | Noticed Jorgrun
 16182 | Orc:2    | Found a staircase to the Elven Halls.
 16454 | Orc:2    | Found Miuh's Armour Boutique.
 16454 | Orc:2    | Found Duloka's Distillery.
 16456 | Orc:2    | Found Zuosch's Weapon Emporium.
 16458 | Orc:2    | Found Vyvi's Assorted Antiques.
 16463 | Orc:2    | Bought a potion of invisibility for 128 gold pieces
 16463 | Orc:2    | Bought a potion of might for 64 gold pieces
 16463 | Orc:2    | Bought 2 potions of curing for 96 gold pieces
 16470 | Orc:2    | Bought a wand of iceblast (4) for 268 gold pieces
 16605 | Orc:2    | Killed Jorgrun
 16893 | D:13     | Killed Urug
 16926 | D:13     | Slimified Rupert
 16926 | D:13     | Noticed Rupert
 16926 | D:13     | Rupert changed into Rupert the acid blob
 16939 | D:13     | Gained mutation: You have very sharp fingernails. [demonic
                  | ancestry]
 16939 | D:13     | Reached XP level 15. HP: 124/124 MP: 15/15
 17057 | D:13     | Found Xocigeuriz's Book Shoppe.
 17199 | D:13     | Reached skill level 16 in Unarmed Combat
 17596 | D:13     | Lost mutation: You are very agile. (Dex +8, Str/Int -2)
                  | [Jiyva's grace]
 17596 | D:13     | Lost mutation: You are almost entirely resistant to further
                  | mutation and mutation removal. [Jiyva's grace]
 17596 | D:13     | Lost mutation: Your spells are a little harder to cast, but
                  | a little more powerful. [Jiyva's grace]
 17596 | D:13     | Gained mutation: Your body has grown many eyes which may
                  | confuse attackers. (Acc +5) [Jiyva's grace]
 17596 | D:13     | Gained mutation: Your body is covered in eyes which may
                  | confuse attackers. (Acc +7, SInv) [Jiyva's grace]
 17596 | D:13     | Gained mutation: Your mind is very acute. (Int +8, Str/Dex
                  | -2) [Jiyva's grace]
 17596 | D:13     | Gained mutation: You have a pair of horns on your head.
                  | [Jiyva's grace]
 17645 | D:13     | Reached skill level 5 in Evocations
 17869 | D:14     | Noticed Azrael
 17887 | D:14     | Killed Azrael
 17922 | D:14     | Found a frozen archway.
 17976 | IceCv    | Entered an ice cave
 18447 | IceCv    | Identified the ring "Cuinuefo" {rC+ Will+ Str+7}
 18447 | IceCv    | Noticed a frost giant
 18449 | IceCv    | Noticed a frost giant
 18463 | IceCv    | Killed a frost giant
 18475 | IceCv    | Killed a frost giant
 18498 | IceCv    | Identified the +2 pair of gloves of Boredom {Will++ Dex+3}
 18776 | D:14     | Found a transporter.
 19155 | D:15     | Entered Level 15 of the Dungeon
 19239 | D:15     | Found a staircase to the Depths.
 19659 | D:15     | Lost mutation: You have a pair of horns on your head.
                  | [Jiyva's grace]
 19659 | D:15     | Lost mutation: You are somewhat resistant to both further
                  | mutation and mutation removal. [Jiyva's grace]
 19659 | D:15     | Lost mutation: Your melee attacks may engulf your foes in
                  | ooze. [Jiyva's grace]
 19659 | D:15     | Lost mutation: You are somewhat resistant to further
                  | mutation. [Jiyva's grace]
 19659 | D:15     | Gained mutation: You have hidden genetic potential.
                  | [Jiyva's grace]
 19659 | D:15     | Gained mutation: You have great hidden genetic potential.
                  | [Jiyva's grace]
 19659 | D:15     | Gained mutation: You have large cloven feet. [Jiyva's
                  | grace]
 19659 | D:15     | Gained mutation: You have hoof-like feet. [Jiyva's grace]
 20061 | Spider:1 | Entered Level 1 of the Spider Nest
 20188 | Spider:1 | Reached skill level 10 in Armour
 20318 | Spider:1 | Reached skill level 17 in Unarmed Combat
 20378 | Spider:1 | Gained mutation: You have claws for hands. [demonic
                  | ancestry]
 20378 | Spider:1 | Reached XP level 16. HP: 133/133 MP: 16/16
 20464 | Spider:1 | Noticed Louise
 20481 | Spider:1 | Killed Louise
 20965 | Spider:2 | Reached skill level 10 in Shields
 22202 | Spider:4 | Entered Level 4 of the Spider Nest
 22237 | Spider:4 | Gained mutation: You expend magic power (3 MP) to
                  | strengthen your wands. [hidden potential]
 22274 | Spider:4 | Lost mutation: You have hoof-like feet. [Jiyva's grace]
 22274 | Spider:4 | Lost mutation: You have large cloven feet. [Jiyva's grace]
 22274 | Spider:4 | Lost mutation: You have a pair of small horns on your head.
                  | [Jiyva's grace]
 22274 | Spider:4 | Lost mutation: You have a moderately thin skeletal
                  | structure. (Dex +4, Stealth++) [Jiyva's grace]
 22274 | Spider:4 | Lost mutation: Your mind is very acute. (Int +8, Str/Dex
                  | -2) [Jiyva's grace]
 22274 | Spider:4 | Lost mutation: Your flesh is cold resistant. (rC+) [Jiyva's
                  | grace]
 22274 | Spider:4 | Lost mutation: You have acidic saliva. [Jiyva's grace]
 22274 | Spider:4 | Lost mutation: Your body is covered in eyes which may
                  | confuse attackers. (Acc +7, SInv) [Jiyva's grace]
 22274 | Spider:4 | Gained mutation: Armour fits poorly on your pseudopods.
                  | [Jiyva's grace]
 22274 | Spider:4 | Gained mutation: Armour fits poorly on your large
                  | pseudopods. [Jiyva's grace]
 22274 | Spider:4 | Gained mutation: Armour fits poorly on your massive
                  | pseudopods. [Jiyva's grace]
 22274 | Spider:4 | Gained mutation: You are covered in fur. (AC +1) [Jiyva's
                  | grace]
 22822 | Spider:4 | Got a gossamer rune of Zot
 22831 | Spider:4 | Identified the +2 pair of gloves of Syndicalism {*Slow
                  | rCorr Str+5 Stlth+}
 23145 | Slime:1  | Entered Level 1 of the Pits of Slime
 23209 | Slime:3  | Noticed an acid blob
 23266 | Slime:4  | Noticed an acid blob
 23299 | Slime:4  | Noticed an acid blob
 23313 | Slime:5  | Entered Level 5 of the Pits of Slime
 23321 | Slime:5  | Noticed an acid blob
 23332 | Slime:5  | Found a viscous altar of Jiyva.
 23332 | Slime:5  | Noticed the Royal Jelly
 23332 | Slime:5  | Noticed an acid blob
 23333 | Slime:5  | Noticed an acid blob
 23334 | Slime:5  | Noticed an acid blob
 23339 | Slime:5  | Identified the +10 great sword of the Winnowing Goat
                  | {vorpal, +Blink rC+ Str+4 Int+3}
 23341 | Slime:5  | Identified the ring "Patyjefo" {rF+ Int+4 Dex+2}
 23344 | Slime:5  | Got a slimy rune of Zot
 23345 | Slime:5  | Noticed an acid blob
 23346 | Slime:5  | Noticed an acid blob
 23348 | Slime:5  | Noticed an acid blob
 23360 | Slime:5  | Identified the ring "Vatotz" {Fly rF+ Str-5 Int+6 Dex+3}
 23367 | Slime:5  | Identified the +3 leather armour of Qazlal's Displeasure
                  | {rF+ Will+ Slay+4}
 23552 | Shoals:1 | Entered Level 1 of the Shoals
 23561 | Shoals:1 | Reached XP level 17. HP: 121/140 MP: 17/17
 23596 | Shoals:1 | Reached skill level 18 in Unarmed Combat
 23635 | Shoals:1 | Reached skill level 15 in Fighting
 24239 | Shoals:1 | Found Tudilo's Antique Weapon Emporium.
 24241 | Shoals:1 | You are sucked into a shaft and drop 1 floor!
 24249 | Shoals:2 | Lost mutation: Armour fits poorly on your massive
                  | pseudopods. [Jiyva's grace]
 24249 | Shoals:2 | Lost mutation: You expend magic power (3 MP) to strengthen
                  | your wands. [Jiyva's grace]
 24249 | Shoals:2 | Gained mutation: Your translucent skin slightly reduces
                  | your foes' accuracy. (Stealth+) [Jiyva's grace]
 24249 | Shoals:2 | Gained mutation: Your translucent skin reduces your foes'
                  | accuracy. (Stealth+) [Jiyva's grace]
 24249 | Shoals:2 | Gained mutation: Your transparent skin significantly
                  | reduces your foes' accuracy. (Stealth+) [Jiyva's grace]
 24249 | Shoals:2 | Gained mutation: You have a pair of small horns on your
                  | head. [Jiyva's grace]
 25625 | Shoals:3 | Lost mutation: Your transparent skin significantly reduces
                  | your foes' accuracy. (Stealth+) [Jiyva's grace]
 25625 | Shoals:3 | Gained mutation: You have a beak for a mouth. [Jiyva's
                  | grace]
 25625 | Shoals:3 | Gained mutation: Your flesh is cold resistant. (rC+)
                  | [Jiyva's grace]
 25625 | Shoals:3 | Gained mutation: Your flesh is very cold resistant. (rC++)
                  | [Jiyva's grace]
 25625 | Shoals:3 | Gained mutation: Your flesh is almost immune to the effects
                  | of cold. (rC+++) [Jiyva's grace]
 25699 | Shoals:4 | Entered Level 4 of the Shoals
 25807 | Shoals:4 | Gained mutation: Your flesh is heat resistant. (rF+)
                  | [hidden potential]
 25807 | Shoals:4 | Lost mutation: You have great hidden genetic potential.
                  | [hidden potential expressed]
 25810 | Shoals:4 | Identified the +1 leather armour of Uvicou {rPois Will+
                  | Regen+ Dex-4 Slay+4}
 26021 | Shoals:4 | Found Wututhru's General Store.
 26070 | Shoals:4 | Bought a scroll of fear for 80 gold pieces
 26070 | Shoals:4 | Bought a scroll of identify for 40 gold pieces
 26070 | Shoals:4 | Bought a scroll of identify for 40 gold pieces
 26638 | Shoals:4 | Got a barnacled rune of Zot
 27221 | Elf:1    | Entered Level 1 of the Elven Halls
 27230 | Elf:1    | Gained mutation: A meltable icy envelope protects you from
                  | harm. (AC +0) [demonic ancestry]
 27230 | Elf:1    | Reached XP level 18. HP: 134/151 MP: 18/18
 27305 | Elf:1    | Reached skill level 19 in Unarmed Combat
 27382 | Elf:1    | Identified the +0 pair of boots of Catatonia {rF++ rN+
                  | rCorr Str-5}
 27393 | Elf:1    | Found Akhlem's Weapon Boutique.
 27542 | Elf:1    | Identified the +1 scale mail "Hoummet" {rElec rPois Dex+4
                  | Stlth+}
 27768 | Elf:1    | Lost mutation: Armour fits poorly on your large pseudopods.
                  | [Jiyva's grace]
 27768 | Elf:1    | Lost mutation: You have hidden genetic potential. [Jiyva's
                  | grace]
 27768 | Elf:1    | Gained mutation: Your body is covered in eyes which may
                  | confuse attackers. (Acc +7, SInv) [Jiyva's grace]
 27768 | Elf:1    | Gained mutation: You are robust. (+10% HP) [Jiyva's grace]
 27768 | Elf:1    | Gained mutation: You are very robust. (+20% HP) [Jiyva's
                  | grace]
 27768 | Elf:1    | Gained mutation: You are extremely robust. (+30% HP)
                  | [Jiyva's grace]
 28248 | Elf:1    | Paralysed by an air elemental for 1 turns
 28253 | Elf:1    | Paralysed by an air elemental for 1 turns
 28773 | Elf:2    | Reached skill level 10 in Dodging
 28831 | Elf:2    | Found a runed translucent gate.
 28846 | Elf:2    | Found a runed translucent gate.
 28846 | Elf:2    | Found a runed translucent gate.
 29049 | Elf:2    | Paralysed by an air elemental for 1 turns
 29870 | Elf:3    | Entered Level 3 of the Elven Halls
 30010 | Elf:3    | Paralysed by an air elemental for 1 turns
 30012 | Elf:3    | Paralysed by an air elemental for 1 turns
 30027 | Elf:3    | Reached XP level 19. HP: 206/206 MP: 19/19
 30050 | Elf:3    | Lost mutation: Your flesh is almost immune to the effects
                  | of cold. (rC+++) [Jiyva's grace]
 30050 | Elf:3    | Lost mutation: You are extremely robust. (+30% HP) [Jiyva's
                  | grace]
 30050 | Elf:3    | Lost mutation: You are very robust. (+20% HP) [Jiyva's
                  | grace]
 30050 | Elf:3    | Lost mutation: Your body is covered in eyes which may
                  | confuse attackers. (Acc +7, SInv) [Jiyva's grace]
 30050 | Elf:3    | Lost mutation: Your body has grown many eyes which may
                  | confuse attackers. (Acc +5) [Jiyva's grace]
 30050 | Elf:3    | Lost mutation: Armour fits poorly on your pseudopods.
                  | [Jiyva's grace]
 30050 | Elf:3    | Lost mutation: Your translucent skin reduces your foes'
                  | accuracy. (Stealth+) [Jiyva's grace]
 30050 | Elf:3    | Gained mutation: Your natural rate of healing is unusually
                  | fast. [Jiyva's grace]
 30050 | Elf:3    | Gained mutation: You heal very quickly. [Jiyva's grace]
 30050 | Elf:3    | Gained mutation: You regenerate. [Jiyva's grace]
 30050 | Elf:3    | Gained mutation: You have a small jelly attached to you
                  | that may absorb projectiles. [Jiyva's grace]
 30245 | Elf:3    | Identified a scroll of acquirement
 30246 | Elf:3    | Acquired a manual of Unarmed Combat
 30328 | Elf:3    | Reached skill level 20 in Unarmed Combat
 30377 | Elf:3    | Identified the +6 battleaxe of the Fulmar {drain, rElec rF+
                  | MP-9}
 30381 | Elf:3    | Identified the +12 pearl dragon scales of Toothy Tender
                  | Moments {rN+ Regen+ rCorr}
 30382 | Elf:3    | Identified the +1 buckler of the Zebra {Rampage rF- Int+3
                  | Dex+5}
 30390 | Elf:3    | Identified the amulet of Birdsong {RegenMP Fly}
 30454 | Elf:3    | Identified the +6 long sword "Qarekh" {spect, Fragile rPois
                  | Dex+3 SInv}
 30456 | Elf:3    | Noticed Aizul
 30494 | Elf:3    | Killed from afar by a deep elf annihilator

Illustrated notes

Levels and vault maps discovered:
D:1:      shiori_arrival_oz, layout_basic, dreamdust_ecumenical_altar_grove,
          serial_shops, shop, minmay_tromino_mix6
D:2:      layout_basic
D:3:      layout_rooms, cheibrodos_sewer_entry_bend
D:4:      layout_cave_pools, evilmike_ruin_ashenzari, serial_bayou_pond_d,
          uniq_menkaure
D:5:      layout_basic, good_gods_temple_1, gammafunk_temple_overflow_forgotten,
          temple_doors_cd
D:6:      layout_loops_ring, mainiacjoe_overflow_cross_hatched,
          serial_bayou_lagoon_b
D:7:      layout_basic, bloody_trog
D:8:      layout_gridville, kennysheep_slug_shrine,
          gammafunk_ghost_abyssal_escape, uniq_joseph
D:9:      wad_statue_garden, layout_small_grid, mainiacjoe_overflow_alcove_1,
          minmay_lair_entry_grove, enter_bailey_8
D:10:     layout_loops_cross, kennysheep_mini, lemuel_crystal_altar,
          nicolae_dithmenos_the_darkroom, kennysheep_generic_room_7
D:11:     layout_basic, minmay_lindwurm_lava, uniq_maurice
D:12:     layout_loops_ring, orc_0_dummy
D:13:     layout_grid_maze, david_vaults_3, serial_shops, shop
D:14:     layout_cave_pools, serial_ice, serial_ice_d, serial_ice_a,
          serial_ice_l, serial_ice_h, portal_ice_cave_entry_ice_statue_two,
          nicolae_diode_basic, uniq_azrael
D:15:     grunt_enter_depths_giant_problem, layout_loops_corners,
          hangedman_decor_growths, hangedman_decor_diamond_cutter
Lair:1:   beast_lair_carwin_large_1, layout_misc_corridors, st_stairs_8,
          columned_hall_lemuel, dreamdust_gnoll_shepherd
Lair:2:   layout_cave_pods, maelrawn_ghost_gauntlet_escape, beast_lair_carwin_7
Lair:3:   layout_loops_ring, shoals_dummy_entry, spider_nest_entry_a,
          roderic_batcave
Lair:4:   layout_loops_ring, slime_entry_1, basic_altar
Lair:5:   due_jungle_book, layout_cave_pods, nicolae_quartered_pool_medium,
          lemuel_fruit_fields, grunt_megastairs_4, serial_bayou_shore_a
Shoals:1: layout_shoals, serial_shops, nicolae_square_shop,
          nicolae_shoals_wave_tunnel
Shoals:2: layout_shoals
Shoals:3: layout_shoals
Shoals:4: shoals_end_simple, layout_shoals, serial_shops, shop
Spider:1: layout_spider_delve, uniq_louise, uniq_rupert
Spider:2: layout_spider_delve
Spider:3: layout_spider_delve
Spider:4: grunt_spider_rune_parallel
Slime:1:  layout_caves
Slime:2:  layout_caves
Slime:3:  nicolae_slime_jelly_donut, layout_caves
Slime:4:  layout_caves
Slime:5
Orc:1:    layout_caves, serial_shops, nicolae_orc_rich_vein, uniq_jorgrun
Orc:2:    st_orc_rangers, layout_caves
Elf:1:    eino_elf_arrival_the_gate, layout_onion_city, serial_shops, shop,
          evilmike_minifort, grunt_megastairs_2
Elf:2:    nicolae_elf_blades_crystal_corner, layout_geoelf_diagonals
Elf:3:    nooodl_elf_gasket, layout_geoelf_octagon, minmay_misc_feat_ornament,
          uniq_aizul

Skill      XL: |  1  2  3  4  5  6  7  8  9 10 11 12 13 14 15 16 17 18 19 |
---------------+----------------------------------------------------------+-----
Fighting       | 4 5 6 7 8 9 10 11 12 13 14 15 16 17 | 17.0
Unarmed Combat | 1 2 3 4 6 8 9 11 12 13 14 15 17 18 19 20 | 20.3
Shields        | 2 4 5 7 8 9 11 12 13 | 13.3
Armour         | 2 5 6 7 8 10 11 12 | 12.6
Dodging        | 4 5 7 8 9 10 | 10.1
Evocations     | 2 4 6 7 |  7.2
Polearms       | |  2.8
Stealth        | |  1.7

Action                   |  1- 3 |  4- 6 |  7- 9 | 10-12 | 13-15 | 16-18 | 19-21 || total
-------------------------+-------+-------+-------+-------+-------+-------+-------++-------
Melee: Spear             |     7 |       |       |       |       |       |       ||     7
       Dagger            |    65 |   118 |       |       |       |       |       ||   183
       Punch             |     1 |     1 |       |       |       |       |       ||     2
       Unarmed           |       |    15 |   247 |   627 |  1491 |  1381 |    98 ||  3859
       Headbutt          |       |       |    25 |   200 |   475 |   291 |    30 ||  1021
       Kick              |       |       |       |   102 |       |       |       ||   102
       Bite              |       |       |       |       |   124 |    61 |       ||   185
       Pseudopods        |       |       |       |       |       |   273 |       ||   273
       Peck              |       |       |       |       |       |   188 |    27 ||   215
Throw: Javelin           |       |       |       |       |       |     4 |       ||     4
Invok: Oozemancy         |       |       |     1 |     1 |     2 |     2 |     3 ||     9
       Slimify           |       |       |       |     1 |     2 |       |       ||     3
Evoke: Wand              |       |       |       |       |     1 |     5 |       ||     6
  Use: Scroll            |     1 |       |     3 |     8 |     5 |     9 |     6 ||    32
       Potion            |       |       |       |     2 |     3 |     6 |     4 ||    15
 Stab: Sleeping          |     5 |     3 |       |     5 |     8 |    12 |     1 ||    34
       Confused          |       |       |     2 |    33 |    64 |    84 |       ||   183
       Petrified         |       |       |       |       |     7 |       |       ||     7
       Distracted        |       |       |       |       |     2 |     4 |       ||     6
       Petrifying        |       |       |       |       |     1 |       |       ||     1
       Invisible         |       |       |       |       |       |     4 |       ||     4
Armor: Robe              |     5 |    40 |       |       |       |       |       ||    45
       Ring mail         |       |     2 |    46 |    11 |       |       |       ||    59
       Scale mail        |       |       |       |    52 |    44 |       |       ||    96
       Gold dragon scale |       |       |       |       |   212 |    21 |       ||   233
       Fire dragon scale |       |       |       |       |   157 |   231 |    12 ||   400
       Pearl dragon scal |       |       |       |       |       |       |     9 ||     9
Dodge: Dodged            |    41 |   105 |    97 |   135 |   308 |   396 |    25 ||  1107
Block: Other             |    12 |    11 |       |       |       |       |       ||    23
       Buckler           |       |    55 |   147 |   399 |   527 |    69 |       ||  1197
       Kite shield       |       |       |       |       |   801 |  1382 |   108 ||  2291
       Reflection        |       |       |       |       |       |     4 |       ||     4
